 Dungeon Crawl Stone Soup version 0.30-a0-881-g1ff12e1e11 (webtiles) character file.

Game seed: 3451401916240153716

18 Pimp the Digger (level 2, 0/19 HPs)
             Began as a Formicid Earth Elementalist on Mar 14, 2023.
             Killed from afar by Sigmund (7 damage)
             ... with a puff of flame
             ... on level 2 of the Dungeon.
             The game lasted 00:02:03 (820 turns).

Pimp the Digger (Formicid Earth Elementalist)        Turns: 820, Time: 00:02:04

Health: 0/19       AC:  7    Str: 12    XL:     2   Next: 90%
Magic:  1/5        EV: 10    Int: 14    God:
Gold:   63         SH:  0    Dex: 14    Spells: 4/5 levels left

rFire   . . .      SeeInvis +    m - +0 spear (flame)
rCold   . . .      Faith    .    (no shield)
rNeg    . . .      Spirit   .    g - +0 ring mail
rPois   .          Reflect  .    (helmet unavailable)
rElec   .          Rampage  .    (no cloak)
rCorr   .                        d - +1 pair of gloves
Will    .....                    (no boots)
Stlth   ++                       (no amulet)
HPRegen 0.23/turn                (no ring)
MPRegen 0.09/turn                (no ring)

@: very slightly contaminated
A: permanent stasis, dig shafts and tunnels, antennae 3, four strong arms
a: Dig, Shaft Self


You were on level 2 of the Dungeon.
You visited 1 branch of the dungeon, and saw 2 of its levels.

You collected 63 gold pieces.

Inventory:

Hand Weapons
 i - a +0 mace
 m - a +0 spear of flaming (weapon)
Missiles
 n - 6 javelins
Armour
 a - a +0 robe
 d - a +1 pair of gloves (worn)
 g - a +0 ring mail (worn)
Potions
 b - a potion of magic
 c - a potion of resistance
 f - a potion of heal wounds {unknown}
 h - 4 potions of curing {unknown}
 j - 2 potions of flight {unknown}


   Skills:
 + Level 0.2 Polearms
 + Level 0.2 Armour
 + Level 2.0 Dodging
 + Level 2.7 Stealth
 + Level 2.4 Spellcasting
 + Level 1.4 Transmutations
 + Level 3.9 Earth Magic


You had 4 spell levels left.
You knew the following spells:

 Your Spells              Type           Power      Damage    Failure   Level
a - Sandblast             Erth           24%        2d8       11%         1

Your spell library contained the following spells:

 Spells                   Type           Power      Damage    Failure   Level
 Passwall                 Tmut/Erth      7%         N/A       26%         2
 Stone Arrow              Conj/Erth      14%        3d7       56%         3
 Petrify                  Tmut/Erth      9%         N/A       86%         4


Dungeon Overview and Level Annotations

Branches:
Dungeon (2/15)

Altars:

Annotations:
D:2 Sigmund


Innate Abilities, Weirdness & Mutations

You cannot be hasted, slowed, berserked, paralysed or teleported.
You can dig through walls and to a lower floor.
You have a pair of large antennae on your head. (SInv)
Your four strong arms can wield two-handed weapons with a shield.


Message History

Confirm with . or Enter, or press ? or * to list all spells.
Aiming: Sandblast (safe; 11% risk of failure)
Press: ? - help, Shift-Dir - straight line, f/p - Sigmund
Aim: Sigmund, wielding a +0 scythe and wearing a +0 robe (lightly wounded, slightly transparent, 80% to hit)
The blast of sand misses Sigmund.
Sigmund hits you but does no damage.
Casting: Sandblast (safe; 11% risk of failure)
Confirm with . or Enter, or press ? or * to list all spells.
Aiming: Sandblast (safe; 11% risk of failure)
Press: ? - help, Shift-Dir - straight line, f/p - Sigmund
Aim: Sigmund, wielding a +0 scythe and wearing a +0 robe (lightly wounded, slightly transparent, 80% to hit)
You miscast Sandblast.
You are very lightly contaminated with residual magic.
Nothing appears to happen.
Casting: Sandblast (safe; 11% risk of failure)
Confirm with . or Enter, or press ? or * to list all spells.
Aiming: Sandblast (safe; 11% risk of failure)
Press: ? - help, Shift-Dir - straight line, f/p - Sigmund
Aim: Sigmund, wielding a +0 scythe and wearing a +0 robe (lightly wounded, slightly transparent, 80% to hit)
The blast of sand hits Sigmund.
Sigmund is lightly wounded.
Sigmund closely misses you.
Unknown command.
Reach: m) +0 spear (flame)
Press: ? - help, Dir - move target, f/p - Sigmund
Aim: Sigmund, wielding a +0 scythe and wearing a +0 robe (lightly wounded, slightly transparent, about 43% to evade your +0 spear of flaming)
You reach to attack!
You hit Sigmund. You burn Sigmund.
Sigmund is moderately wounded.
Sigmund hits you but does no damage.
Casting: Sandblast (safe; 11% risk of failure)
Confirm with . or Enter, or press ? or * to list all spells.
Aiming: Sandblast (safe; 11% risk of failure)
Press: ? - help, Shift-Dir - straight line, f/p - Sigmund
Aim: Sigmund, wielding a +0 scythe and wearing a +0 robe (moderately wounded, slightly transparent, 80% to hit)
The blast of sand hits Sigmund!
Sigmund is severely wounded.
Sigmund hits you from afar with a +0 scythe.
Unknown command.
Sigmund casts a spell at you. The puff of flame hits you!
You die...

#######
##.....##
##....†..##
#...><....#
#....@....#
#....)....#
#.........#
#...@........
#.........##.
#?........#
#.........#
#...>.....#
#.........#


You could see Sigmund (invisible).

Vanquished Creatures
  An adder (D:1)
  A goblin (D:1)
  A hobgoblin (D:1)
  A kobold (D:2)
  3 bats
  A frilled lizard (D:2)
  3 rats (D:1)
11 creatures vanquished.

Notes
Turn   | Place    | Note
-------+----------+-------------------------------------------
     0 | D:1      | Pimp the Formicid Earth Elementalist began the quest for
                  | the Orb.
     0 | D:1      | Reached XP level 1. HP: 13/13 MP: 3/3
   444 | D:1      | Found a faded altar of an unknown god.
   597 | D:1      | Reached XP level 2. HP: 19/19 MP: 3/5
   746 | D:2      | Noticed Sigmund
   820 | D:2      | Killed from afar by Sigmund

Illustrated notes

Levels and vault maps discovered:
D:1:      doesnt_arrival_eight_statues, layout_basic,
          shapermc_ecumenical_altar_petra, minmay_misc_feat_iff, minivault_23,
          nrook_campfire
D:2:      layout_rooms, serial_shops, nicolae_shop_competitors_out_of_business,
          minmay_pentomino_r2, uniq_sigmund

Skill      XL: |  1  2 |
---------------+-------+-----
Dodging        | 2 |  2.0
Polearms       | |  0.2
Armour         | |  0.2
Stealth        | |  2.7
Spellcasting   | |  2.4
Transmutations | |  1.4
Earth Magic    | |  3.9

Action                     || total
---------------------------++-------
  Melee: Mace              ||     1
         Spear             ||    15
   Cast: Sandblast         ||    12
    Use: Scroll            ||     3
 Armour: Ring mail         ||    14
  Dodge: Dodged            ||    17

Table legend: (Time is in decaauts)
 A = Elapsed time spent in this place.
 B = Non-inter-level travel time spent in this place.
 C = Inter-level travel time spent in this place.
 D = Time resting spent in this place.
 E = Time spent auto-exploring this place.
 F = Levels seen in this place.
 G = Mean time per level.
                   A        B        C        D        E       F      G
               +--------+--------+--------+--------+--------+-----+--------+
         Total |    829 |    775 |     54 |     33 |    585 |   2 |  414.5 |
       Dungeon |    829 |    775 |     54 |     33 |    585 |   2 |  414.5 |
               +--------+--------+--------+--------+--------+-----+--------+

Top non-repeatable levels by time:
     D:1: 798 daAuts
     D:2: 30 daAuts
